Map: Lerilak Crest

Players

LilDicky

  • Race: Terran Terran
  • League: Diamond

Depression - Winner!

  • Race: Protoss Protoss
  • League: Diamond

VOD

http://www.twitch.tv/tumescentpie

Description

Time

  • Played on: Nov. 28, 2015, 12:09 a.m.
  • Length: 2:55
Show
View Real Time Build Order
Export as new Build Order

LilDicky Terran 

Build Orders:  

Get SALT Encoding   

  12  0:01  SCV  
  13  0:13  SCV  
  14  0:18  Supply Depot  
  14  0:25  SCV  
  15  0:30  Refinery  
  15  0:39  SCV  
  16  0:47  Barracks  
  16  0:53  SCV  
  17  1:05  SCV  
  18  1:17  SCV  
  19  1:29  SCV  
  20  1:34  Marine  
  20  1:35  Supply Depot  
  21  1:48  Orbital Command  
  21  2:02  Factory  
  21  2:04  Marine  
  21  2:08  Barracks  
  22  2:13  Barracks  
  22  2:27  SCV  
  22  2:28  Marine  
  24  2:40  SCV  
Show
View Real Time Build Order
Export as new Build Order

Depression Protoss - Winner!

Build Orders: Nexus First 

Get SALT Encoding   

  12  0:01  Probe (Chrono Boost)  
  13  0:11  Probe (Chrono Boost)  
  14  0:22  Pylon  
  14  0:23  Probe (Chrono Boost)  
  15  0:40  Probe (Chrono Boost)  
  16  0:50  Probe (Chrono Boost)  
  17  1:01  Probe (Chrono Boost)  
  17  1:03  Nexus  
  18  1:11  Probe (Chrono Boost)  
  18  1:14  Gateway  
  19  1:22  Probe (Chrono Boost), Assimilator  
  20  1:31  Assimilator  
  20  1:34  Probe (Chrono Boost)  
  21  1:44  Probe (Chrono Boost)  
  22  1:47  Pylon  
  22  1:55  Probe (Chrono Boost)  
  23  2:02  Cybernetics Core  
  23  2:08  Probe (Chrono Boost)  
  24  2:17  Probe (Chrono Boost)  
  24  2:18  Zealot  
  24  2:19  Probe (Chrono Boost)  
  28  2:27  Probe (Chrono Boost)  
  30  2:30  Probe (Chrono Boost)  
  30  2:38  Probe (Chrono Boost)  
Tags
 
Add a new tag
Caveats
  • Supply blocks, unpowered buildings, or Contaminate may cause inaccurate times.
  • Supply counts are checked every 10 seconds.